 Dungeon Crawl Stone Soup version 0.20.0-4-g10b340a (webtiles) character file.

32 skittles the Firebug (level 3, 0/26 HPs)
             Began as a Draconian Fire Elementalist on May 27, 2017.
             Slain by an adder (1 damage)
             ... on level 2 of the Dungeon.
             The game lasted 00:02:19 (1236 turns).

skittles the Firebug (Draconian Fire Elementalist)  Turns: 1236, Time: 00:02:19

Health: 0/26       AC:  5    Str: 10    XL:     3   Next: 10%
Magic:  1/6        EV: 12    Int: 21    God:
Gold:   70         SH:  0    Dex: 11    Spells: 5/6 levels left

rFire    . . .     SeeInvis .   o - +0 long sword
rCold    . . .     Gourm    .   (no shield)
rNeg     . . .     Faith    .   (armour unavailable)
rPois    +         Spirit   .   (helmet restricted)
rElec    .         Reflect  .   (no cloak)
rCorr    .         Harm     .   (no gloves)
MR       .....                  (no boots)
Stlth    ++........             (no amulet)
Regen    0.1/turn               d - +2 ring of dexterity
MPRegen  0.1/turn               g - ring of poison resistance

@: brilliant, lethally poisoned (0 -> -4)
A: unfitting armour, stinger 1, clumsy 1, cold-blooded, AC +5
a: no special abilities


You were on level 2 of the Dungeon.
You were not hungry.

You visited 1 branch of the dungeon, and saw 2 of its levels.

You collected 70 gold pieces.

Inventory:

Hand Weapons
 o - a +0 long sword (weapon)
Jewellery
 d - a +2 ring of dexterity (left hand)
 g - a ring of poison resistance (right hand)
 n - a +2 ring of dexterity
Scrolls
 f - a scroll of noise {unknown}
 h - a scroll of identify {unknown}
 j - 2 scrolls of remove curse {unknown}
 k - a scroll of immolation {unknown}
 m - a scroll of recharging {unknown}
Potions
 c - a potion of brilliance
 e - a potion of lignification {unknown}
 i - a potion of mutation
 q - a potion of haste {unknown}
Books
 a - a book of Flames

   Spells                             Type                      Level
   a - Flame Tongue                   Conjuration/Fire             1
   b - Throw Flame                    Conjuration/Fire             2
   c - Conjure Flame                  Conjuration/Fire             3
   d - Inner Flame                    Hexes/Fire                   3
   e - Sticky Flame                   Conjuration/Fire             4
   f - Fireball                       Conjuration/Fire             5
Comestibles
 b - a bread ration
 l - a royal jelly
 p - 3 fruits


   Skills:
 - Level 1.7 Dodging
 - Level 1.7 Stealth
 - Level 2.0 Spellcasting
 + Level 2.3 Conjurations
 + Level 3.6 Fire Magic


You had 5 spell levels left.
You knew the following spells:

 Your Spells              Type           Power        Failure   Level  Hunger
a - Flame Tongue          Conj/Fire      ####.        1%          1    #......


Dungeon Overview and Level Annotations

Branches:
Dungeon (2/15)

Altars:
Nemelex Xobeh


Innate Abilities, Weirdness & Mutations

Your plain brown scales are hard. (AC +5)
You cannot fit into any form of body armour.
You are cold-blooded and may be slowed by cold attacks.
Your tail ends in a poisonous barb.
You are clumsy. (Dex -2)


Message History

You are no longer poisoned.
The adder bites you but does no damage. The adder bites you.
* * * LOW HITPOINT WARNING * * *
You barely miss the adder.
The adder is heavily wounded.
The adder bites you.
* * * LOW HITPOINT WARNING * * *
You are lethally poisoned!
The adder poisons you! The adder closely misses you.
You riposte.
You barely miss the adder.
The adder is heavily wounded.
It was a potion of brilliance.
You feel clever all of a sudden.
* * * LOW HITPOINT WARNING * * *
You feel sick. The adder barely misses you.
It was a potion of mutation.
You feel extremely strange.
You feel clumsy.
A poisonous barb forms on the end of your tail.
The adder bites you.
You die...

###.### #.....#
###.....##
#.....>..#
#.#......#
#.#.)....#
#.###.##......#
#.# #S#######.#
#.####.###@#
#..........#
######.#####
.######.######
.............#
####.##.####.#
#.# #.##.# #.#
#.##.# #.#
#####.#<(#


You could see an adder.

Vanquished Creatures
  An adder (D:2)
  An ooze (D:1)
  A dart slug (D:2)
  A giant cockroach (D:1)
  4 goblins
  A hobgoblin (D:1)
  2 kobolds (D:1)
  A ball python (D:1)
  2 bats (D:1)
  A frilled lizard (D:1)
  2 rats (D:1)
17 creatures vanquished.

Notes
Turn   | Place    | Note
-------+----------+-------------------------------------------
     0 | D:1      | skittles the Draconian Fire Elementalist began the quest for the Orb.
     0 | D:1      | Reached XP level 1. HP: 14/14 MP: 3/3
   465 | D:1      | Reached XP level 2. HP: 20/20 MP: 3/5
   918 | D:2      | Found a sparkling altar of Nemelex Xobeh.
  1226 | D:2      | Reached XP level 3. HP: 12/26 MP: 1/6
  1235 | D:2      | HP: 1/26 [poisoned by an adder]
  1236 | D:2      | Gained mutation: You are clumsy. (Dex -2) [potion of mutation]
  1236 | D:2      | Gained mutation: Your tail ends in a poisonous barb. [potion of mutation]
  1236 | D:2      | Slain by an adder

Skill      XL: |  1  2 |
---------------+-------+-----
Conjurations   | 2 |  2.3
Dodging        | |  1.7
Stealth        | |  1.7
Spellcasting   | |  2.0
Fire Magic     | |  3.6

Action                   || total
-------------------------++-------
Melee: Unarmed           ||    17
       Tailslap          ||     5
       Long sword        ||    21
       Dagger            ||    15
 Cast: Flame Tongue      ||    20
  Use: Potion            ||     2
  Eat: Chunk             ||     1
Armor: Skin              ||    30
Dodge: Dodged            ||    56
       Rpst.: Long sword ||     5
